 Dungeon Crawl Stone Soup version 0.27.1-3-gb3d3a73c9e (webtiles) character file.

Game seed: 13667686630394396542

270 Descartes the Shield-Bearer (level 6, -1/47 HPs)
             Began as a Formicid Fighter on Oct 23, 2021.
             Engulfed by a steam dragon's steam (10 damage)
             ... on level 6 of the Dungeon.
             The game lasted 00:04:37 (3807 turns).

Descartes the Shield-Bearer (Formicid Fighter)      Turns: 3807, Time: 00:04:37

Health: -1/47      AC:  7    Str: 21    XL:     6   Next: 46%
Magic:  0/6        EV:  8    Int:  9    God:
Gold:   150        SH: 10    Dex: 10    Spells: 5/5 levels left

rFire    . . .     SeeInvis +   a - +0 war axe
rCold    . . .     Faith    .   c - +0 kite shield
rNeg     . . .     Spirit   +   b - +0 scale mail
rPois    .         Reflect  .   (helmet unavailable)
rElec    .         Harm     .   (no cloak)
rCorr    .         Rampage  .   (no gloves)
Will     .....                  (no boots)
Stlth    ..........             g - amulet of guardian spirit
HPRegen  0.15/turn              (no ring)
MPRegen  0.10/turn              (no ring)

@: no status effects
A: permanent stasis, dig shafts and tunnels, antennae 3, four strong arms
a: Dig, Shaft Self


You were on level 6 of the Dungeon.
You visited 1 branch of the dungeon, and saw 4 of its levels.

You collected 150 gold pieces.

Inventory:

Hand Weapons
 a - a +0 war axe (weapon)
 k - a +2 dagger of electrocution
Missiles
 h - 7 javelins
 l - 38 sling bullets
 m - 72 stones
 q - 16 arrows
Armour
 b - a +0 scale mail (worn)
 c - a +0 kite shield (worn)
Magical Staves
 o - a staff of death
Jewellery
 g - an amulet of guardian spirit (around neck)
 n - a ring of resist corrosion
Scrolls
 f - a scroll of noise {unknown}
 j - a scroll of identify {unknown}
 p - a scroll of teleportation {unknown}
Potions
 d - a potion of might
 e - a potion of ambrosia {unknown}
 i - 2 potions of haste {unknown}
 r - a potion of berserk rage {unknown}
 s - a potion of invisibility {unknown}


   Skills:
 - Level 3.2 Fighting
 + Level 3.4 Axes
 + Level 4.6 Armour
 * Level 6.3 Shields


You had 5 spell levels left.
You didn't know any spells.
Your spell library contained the following spells:

 Spells                   Type           Power      Damage    Failure   Level
 Conjure Flame            Conj/Fire      0%         6-21      99%         3
 Ignite Poison            Fire/Tmut/Pois 0%         N/A       99%         3
 Sticky Flame             Conj/Fire      0%         2d3       100%        4


Dungeon Overview and Level Annotations

Branches:
Dungeon (3/15)

Altars:


Innate Abilities, Weirdness & Mutations

You cannot be hasted, slowed, berserked, paralysed or teleported.
You can dig through walls and to a lower floor.
You have a pair of large antennae on your head. (SInv)
Your four strong arms can wield two-handed weapons with a shield.


Message History

A steam dragon comes into view.
The steam dragon hisses angrily.
The steam dragon moves out of view.
m - 72 stones (gained 16)
You see here 9 gold pieces.
You closely miss the steam dragon. The steam dragon completely misses you.
You block the steam dragon's attack. The steam dragon bites you.
The steam dragon claws you.
You closely miss the steam dragon.
The steam dragon bites you but does no damage.
You block the steam dragon's attack.
You hit the steam dragon but do no damage.
You block the steam dragon's attack. x2
The steam dragon breathes steam at you. The ball of steam hits you!
You barely miss the steam dragon.
You are engulfed in a cloud of scalding steam.
The steam dragon bites you. You block the steam dragon's attack.
You are too injured to fight recklessly!
You are too injured to fight recklessly!
You are too injured to fight recklessly!
You are too injured to fight recklessly!
You are too injured to fight recklessly!
You are too injured to fight recklessly!
You are too injured to fight recklessly!
You are too injured to fight recklessly!
You are too injured to fight recklessly!
You are too injured to fight recklessly!
You are too injured to fight recklessly!
You are too injured to fight recklessly!
The steam dragon breathes steam at you. The ball of steam hits you!
* * * LOW HITPOINT WARNING * * *
The steam dragon bites you.
* * * LOW HITPOINT WARNING * * *
You block the steam dragon's attack.
You see here 9 gold pieces.
You barely miss the steam dragon.
You are engulfed in a cloud of scalding steam.
You die...

#.. ##.. #..#####..
........# # .......#
.## #...§§# >..#
#...§.####....
#.§§.§§......
#.§§..§......
#.D@.§.§####.
#..###...# ....# ##..#
..... #..# #..... ....
##..## #......
.....####....##........
.......................
...####............. #
#.............


You could see a steam dragon.

Vanquished Creatures
  A sky beast (D:6)
  A wyvern zombie (D:6)
  6 adders
  2 ufetubi
  A worm (D:3)
  2 dart slugs (D:1)
  5 ball pythons
  5 endoplasms
  2 giant cockroaches
  7 hobgoblins
  4 quokkas
  4 bats
  4 frilled lizards
  3 goblins
  3 kobolds
  6 rats
56 creatures vanquished.

Notes
Turn   | Place    | Note
-------+----------+-------------------------------------------
     0 | D:1      | Descartes the Formicid Fighter began the quest for the Orb.
     0 | D:1      | Reached XP level 1. HP: 18/18 MP: 1/1
   174 | D:1      | Reached skill level 4 in Shields
   174 | D:1      | Reached XP level 2. HP: 20/24 MP: 2/2
   649 | D:1      | Found a faded altar of an unknown god.
   891 | D:1      | Reached XP level 3. HP: 29/29 MP: 3/3
  1541 | D:2      | Reached XP level 4. HP: 8/35 MP: 1/4
  2561 | D:3      | Reached skill level 5 in Shields
  2971 | D:3      | Reached XP level 5. HP: 14/41 MP: 3/5
  3213 | D:3      | You fall into a shaft and drop 3 floors!
  3403 | D:6      | Noticed a sky beast
  3413 | D:6      | Killed a sky beast
  3414 | D:6      | Reached skill level 6 in Shields
  3414 | D:6      | Reached XP level 6. HP: 23/47 MP: 3/6
  3797 | D:6      | Noticed a steam dragon
  3807 | D:6      | Engulfed by a steam dragon's steam

Illustrated notes

Levels and vault maps discovered:
D:1:      dpeg_arrival_court, layout_loops_corners, basic_ecumenical_altar,
          serial_bayou_lagoon_a
D:2:      layout_basic
D:3:      layout_loops_ring, nzn_wu_jian_council_hall, serial_shops,
          nicolae_shop_behind_doors
D:6:      layout_layer_cave

Skill      XL: |  1  2  3  4  5 |
---------------+----------------+-----
Shields        | 4 5 6 |  6.3
Armour         | 4 |  4.6
Axes           | 3 |  3.4
Fighting       | |  3.2

Action                   |  1- 3 |  4- 6 || total
-------------------------+-------+-------++-------
Melee: War axe           |    87 |   142 ||   229
Armor: Scale mail        |    32 |    91 ||   123
Dodge: Dodged            |    35 |    69 ||   104
Block: Kite shield       |    51 |   118 ||   169
